Map: [ESL] Gresvan

Players

HeroMarine

  • Race: Terran Terran
  • Spawn Location: 5:00

Bunny - Winner!

  • Race: Terran Terran
  • Spawn Location: 11:00

Event: IEM Katowice 2023

VOD

Have the link to the VOD?

Description

Time

  • Played on: Feb. 11, 2023, 8:06 a.m.
  • Length: 7:39

All games in this series

Show
View Real Time Build Order
Export as new Build Order

HeroMarine Terran 

Build Orders:  

Get SALT Encoding   

  12  0:00  SCV  
  13  0:12  SCV  
  14  0:16  Supply Depot  
  14  0:24  SCV  
  15  0:38  SCV  
  15  0:39  Barracks  
  16  0:42  Refinery  
  16  0:50  SCV  
  16  0:52  Refinery  
  17  1:02  SCV  
  18  1:14  SCV  
  19  1:26  Orbital Command, Reaper  
  19  1:31  Supply Depot  
  20  1:42  Factory  
  20  1:52  SCV  
  21  1:59  Barracks Reactor  
  21  2:04  SCV  
  22  2:16  SCV  
  22  2:21  Command Center  
  23  2:28  Hellion  
  25  2:30  SCV  
  25  2:35  Reaper x2  
  28  2:42  Supply Depot  
  28  2:43  SCV  
  29  2:49  Widow Mine  
  31  2:58  Starport  
  31  3:04  SCV  
  32  3:07  Marine x2  
  32  3:11  Factory Tech Lab  
  34  3:16  SCV  
  35  3:25  Refinery  
  35  3:28  SCV  
  35  3:30  Cyclone  
  35  3:33  Orbital Command  
  39  3:35  Starport Tech Lab  
  39  3:40  SCV  
  40  3:42  Refinery  
  40  3:43  Marine  
  40  3:46  Marine  
  42  3:53  Raven  
  44  3:56  SCV  
  44  4:00  SCV  
  47  4:07  Siege Tank  
  47  4:08  Supply Depot  
  50  4:10  SCV  
  50  4:14  SCV  
  51  4:22  SCV, Starport  
  52  4:28  Raven  
  52  4:29  Supply Depot  
  54  4:31  Marine  
  54  4:34  Marine  
  56  4:41  Siege Tank  
  56  4:43  SCV  
  60  4:46  SCV  
  60  4:49  Marine  
  60  4:52  Marine  
  63  4:57  Supply Depot  
  63  5:00  Starport Tech Lab  
  63  5:03  SCV x2, Raven  
  67  5:07  Marine, Supply Depot  
  68  5:16  Marine  
  68  5:19  Siege Tank  
  72  5:22  Raven  
  72  5:25  Marine, SCV x2  
  77  5:32  Supply Depot  
  77  5:37  SCV x2  
  79  5:49  SCV x2  
  81  5:55  Viking x2  
  81  5:56  Siege Tank  
  85  6:01  SCV  
  85  6:02  SCV  
  87  6:08  Viking  
  88  6:14  SCV x2  
  88  6:15  Supply Depot x2  
  89  6:26  SCV x2  
  89  6:28  Hellion  
  89  6:30  Viking  
  89  6:32  Viking  
  94  6:38  SCV x2  
  93  6:43  Viking  
  95  6:50  SCV x2  
  91  7:00  Viking  
  93  7:04  SCV x2  
Show
View Real Time Build Order
Export as new Build Order

Bunny Terran - Winner!

Build Orders:  

Get SALT Encoding   

  12  0:00  SCV  
  13  0:12  SCV  
  14  0:17  Supply Depot  
  14  0:24  SCV  
  15  0:38  SCV  
  15  0:40  Barracks  
  16  0:44  Refinery  
  16  0:50  SCV  
  16  0:52  Refinery  
  17  1:02  SCV  
  18  1:14  SCV  
  19  1:26  Reaper  
  19  1:27  Orbital Command  
  19  1:32  Supply Depot  
  20  1:41  Factory  
  20  1:53  SCV  
  21  1:59  Reaper  
  22  2:05  SCV  
  23  2:17  SCV  
  23  2:22  Command Center  
  24  2:26  Hellion  
  24  2:29  SCV  
  27  2:31  Reaper  
  27  2:35  Supply Depot  
  28  2:41  SCV  
  29  2:47  Hellion  
  31  2:53  Starport  
  31  2:57  SCV  
  32  3:03  Barracks Reactor  
  32  3:08  Factory Tech Lab  
  32  3:09  SCV  
  33  3:21  SCV  
  34  3:27  Cyclone  
  34  3:29  Starport Tech Lab  
  34  3:33  SCV  
  34  3:34  Orbital Command  
  38  3:35  Refinery  
  38  3:39  Marine  
  38  3:40  Marine  
  40  3:45  SCV  
  40  3:48  Raven  
  43  3:55  Supply Depot  
  43  3:57  SCV  
  43  3:59  Marine x2, SCV  
  47  4:06  Siege Tank  
  47  4:09  SCV  
  51  4:11  SCV  
  52  4:21  SCV  
  52  4:23  SCV  
  56  4:24  Raven  
  56  4:30  Command Center  
  56  4:33  SCV  
  56  4:35  SCV  
  58  4:41  Supply Depot  
  58  4:42  Supply Depot  
  58  4:44  Marine x2  
  60  4:45  SCV  
  60  4:47  SCV  
  62  5:02  Siege Tank, SCV x2  
  67  5:10  Viking x2  
  67  5:12  Marine  
  67  5:13  Refinery  
  72  5:14  SCV x2  
  72  5:15  Stimpack  
  74  5:26  SCV x2  
  74  5:28  Supply Depot  
  76  5:29  Barracks  
  76  5:32  Barracks  
  76  5:40  Viking  
  76  5:41  Viking  
  80  5:44  Orbital Command  
  80  5:52  Marine  
  80  5:53  Siege Tank  
  80  5:55  SCV x2  
  86  5:57  Supply Depot  
  86  6:10  Viking  
  78  6:11  Viking  
  78  6:13  Bunker  
  78  6:17  Barracks Reactor  
  80  6:20  Barracks Reactor  
  80  6:25  Siege Tank  
  83  6:36  SCV x2  
  83  6:37  SCV  
  83  6:39  Marine  
  87  6:40  Viking  
  87  6:41  Viking  
  88  6:56  Marine x2  
  88  6:57  Siege Tank  
  88  6:58  Marine x2  
  88  6:59  Engineering Bay  
  88  7:01  Engineering Bay  
  95  7:02  Barracks  
  95  7:03  Barracks  
  95  7:11  Marine  
  95  7:14  Marine x2  
  98  7:16  Marine  
  98  7:18  Supply Depot  

Tags
 
Add a new tag
Caveats
  • Supply blocks, unpowered buildings, or Contaminate may cause inaccurate times.
  • Supply counts are checked every 10 seconds.